 Dungeon Crawl Stone Soup version 0.30.0-29-ga12c61a403 (webtiles) character file.

Game seed: 10035869539266665174

135 seaoflcl the Shield-Bearer (level 4, -14/41 HPs)
             Began as a Minotaur Fighter on June 10, 2023.
             Demolished by an ogre
             ... wielding a +0 giant club
              (33 damage)
             ... on level 4 of the Dungeon.
             The game lasted 00:02:43 (2616 turns).

seaoflcl the Shield-Bearer (Minotaur Fighter)       Turns: 2616, Time: 00:02:43

Health: -14/41     AC:  9    Str: 23    XL:     4   Next: 97%
Magic:  3/3        EV:  8    Int:  5    God:
Gold:   281        SH:  4    Dex:  9    Spells: 3/3 levels left

rFire   . . .        a - +0 war axe
rCold   . . .        c - +0 buckler
rNeg    . . .        l - +0 chain mail
rPois   +            (helmet restricted)
rElec   .            (no cloak)
rCorr   .            (no gloves)
SInv    .            (no boots)
Will    .....        (no amulet) Stlth
                     b - ring of poison resistance
HPRegen 0.26/turn    (no ring)
MPRegen 0.08/turn

%: no passive effects
@: no status effects
A: horns 2, retaliatory headbutt
a: no special abilities


You were on level 4 of the Dungeon.
You visited 1 branch of the dungeon, and saw 4 of its levels.

You collected 281 gold pieces.

Inventory:

Hand Weapons
 a - a +0 war axe (weapon)
Armour
 c - a +0 buckler (worn)
 l - a +0 chain mail (worn)
Jewellery
 b - a ring of poison resistance (left hand)
Scrolls
 e - 5 scrolls of identify {unknown}
 f - a scroll of teleportation {unknown}
 g - a scroll of vulnerability {unknown}
 i - a scroll of brand weapon {unknown}
 j - 2 scrolls of magic mapping {unknown}
 k - a scroll of torment {unknown}
 m - a scroll of blinking {unknown}
 o - a scroll of enchant armour {unknown}
 r - a scroll of fog {unknown}
Potions
 d - a potion of might
 h - 2 potions of heal wounds {unknown}
 n - a potion of cancellation {unknown}
 p - a potion of degeneration {unknown}
 q - a potion of invisibility {unknown}
 s - a potion of ambrosia {unknown}


   Skills:
 + Level 4.4 Fighting
 * Level 4.3 Axes
 + Level 4.4 Armour
 + Level 4.4 Shields


You had 3 spell levels left.
You didn't know any spells.
Your spell library contained the following spells:

 Spells                   Type           Power      Damage    Failure   Level
 Blink                    Tloc           0%         N/A       99%         2
 Lesser Beckoning         Tloc           0%         N/A       99%         2
 Momentum Strike          Conj/Tloc      0%         3d8       99%         2
 Poisonous Vapours        Pois/Air       0%         N/A       99%         2
 Sublimation of Blood     Necr           0%         N/A       99%         2
 Wereblood                Tmut           0%         N/A       99%         2
 Mephitic Cloud           Conj/Pois/Air  0%         N/A       100%        3
 Portal Projectile        Hex/Tloc       0%         N/A       100%        3
 Tukima's Dance           Hex            0%         N/A       100%        3
 Blade Hands              Tmut           0%         N/A       100%        5
 Freezing Cloud           Conj/Ice/Air   0%         6-21      100%        5
 Summon Hydra             Summ           0%         N/A       100%        7


Dungeon Overview and Level Annotations

Branches:
Dungeon (4/15)
 Temple: D:4-7

Altars:
Yredelemnul


Innate Abilities, Weirdness & Mutations

You have a pair of horns on your head.
You reflexively headbutt those who attack you in melee.


Message History

You hit the hound.
You headbutt the hound, but do no damage.
The hound is moderately wounded.
The hound barely misses you. You furiously retaliate!
You headbutt the hound. The hound barely misses you.
A goblin comes into view. It is wielding a +0 dagger.
You slash the hound!
You headbutt the hound, but do no damage.
The hound is severely wounded.
The hound bites you but does no damage. The hound closely misses you.
You furiously retaliate!
You headbutt the hound.
You kill the hound!
There is a stone staircase leading up here.
The goblin hits you but does no damage.
You slash the goblin!
You kill the goblin!
You see here a +0 dagger.
You see here a +0 dagger.
There is a stone staircase leading up here.
You see here a +0 falchion.
An ogre comes into view. It is wielding a +0 giant club.
An ogre is nearby!
The ogre shouts!
An orc comes into view. It is wielding a +0 mace.
The orc shouts!
You hear a shout! x2
The orc moves out of view.
An orc comes into view. It is wielding a +0 trident.
An orc wizard comes into view. It is wielding a +0 dagger.
An orc comes into view. It is wielding a +0 short sword.
The ogre hits you with a +0 giant club!!
Ouch! That really hurt!
The orc shouts!
You hit the ogre.
The ogre is lightly wounded.
The orc throws a boomerang.
The boomerang barely misses you.
You barely miss the ogre.
The ogre is lightly wounded.
The ogre hits you with a +0 giant club!!
Ouch! That really hurt!
You die...

....~.....#.#
##..~P......# ###
....P..#....####.##
###...+##..#......#
#..## ##.##.##.##
#...###..###...#
###..#..###.##.#
##...###. #O#
##.#.#. #@# #....#
#.# #.##..##.o.#
#.# ..##.#.# #.#
..##.#.# #.# .##
#.# #.# .# #o# #..
o.# .##


You could see an ogre, an orc wizard and 2 orcs.

Vanquished Creatures
  A hound (D:4)
  Jessica (D:3)
  2 worms
  7 orcs
  6 endoplasms
  2 giant cockroaches
  7 goblins
  8 hobgoblins
  3 jackals (D:1)
  3 kobolds
  4 quokkas
  6 ball pythons
  A bat (D:3)
  3 frilled lizards
  4 rats
58 creatures vanquished.

Notes
Turn   | Place    | Note
-------+----------+-------------------------------------------
     0 | D:1      | seaoflcl the Minotaur Fighter began the quest for the Orb.
     0 | D:1      | Reached XP level 1. HP: 19/19 MP: 0/0
   238 | D:1      | Reached XP level 2. HP: 24/27 MP: 1/1
   266 | D:1      | Found a faded altar of an unknown god.
  1094 | D:2      | Reached XP level 3. HP: 30/33 MP: 2/2
  1454 | D:2      | Found a basalt altar of Yredelemnul.
  2090 | D:3      | Reached XP level 4. HP: 40/40 MP: 3/3
  2142 | D:3      | Noticed Jessica
  2151 | D:3      | Killed Jessica
  2600 | D:4      | Noticed an ogre
  2616 | D:4      | Demolished by an ogre

Illustrated notes

Levels and vault maps discovered:
D:1:      psy_arrival_dodecagon, layout_loops_corners,
          ebering_ecumenical_altar_abandoned, chequers_serial_rivers_room_a
D:2:      layout_loops_ring, serial_forest, infiniplex_forest_diagonal,
          infiniplex_forest_lined_3_way, infiniplex_forest_corner_2,
          infiniplex_forest_clump_large, infiniplex_forest_lined_room_,
          infiniplex_forest_lined_room_3, infiniplex_forest_side_room,
          infiniplex_forest_zigzag_1, infiniplex_forest_end_3, basic_altar,
          nrook_mini_backslash
D:3:      layout_basic, minmay_gold_behind_fungi, wad_floor_pattern_2,
          kennysheep_jessica_study
D:4:      layout_loops_ring, tso_oasis_becter, lemuel_round_altar, serial_shops,
          nicolae_shop_real_fake_doors

Skill      XL: |  1  2  3  4 |
---------------+-------------+-----
Axes           | 3 4 |  4.3
Shields        | 4 |  4.4
Fighting       | 4 |  4.4
Armour         | 4 |  4.4

Action                     |  1- 3 |  4- 6 || total
---------------------------+-------+-------++-------
  Melee: War axe           |   144 |    22 ||   166
         Headbutt          |    34 |     5 ||    39
 Armour: Scale mail        |    32 |       ||    32
         Chain mail        |    22 |     8 ||    30
  Dodge: Dodged            |    40 |     8 ||    48
  Block: Buckler           |    22 |     3 ||    25
